[ AOE2 MATCH · #467154433 ]
1v1 EWBurgundians vs Japanese
Player's team · WIN
Rival team · LOSS
[ REPLAY ANALYSIS · EXTRACTED FROM THE RECORDED GAME ]
Feudal
9:22
Castle
—
Imperial
—
| APM avg | 64.6 |
| APM peak | 84 |
| eAPM avg | 29.7 |
| Villagers / military | 31 / 9 |
Focus
⚔️ 35.9% · 🌾 64.1%
Archer ×6 · Coustillier ×3
Feudal
—
Castle
—
Imperial
—
| APM avg | 17.1 |
| APM peak | 42 |
| eAPM avg | 10.9 |
| Villagers / military | 23 / 21 |
Focus
⚔️ 16.5% · 🌾 83.5%
Militia ×21
Match map
Initial resources + every placement click. Lines = walls · curves = elevation contours. ◆ gold · ⬟ stone · ● berries · ✦ relic · ◌ wall gap
Your base· Open — unwalled flank
Shaon8105's base· Open — 7t gap
Smoothed initial terrain · ◌ = detected wall gap · hover for details
Inputs per minute
— 闲人肥羊 - - Shaon8105
Build order — 闲人肥羊
98 actions detected in the replay
| 0:02 | Create | Villager (Male) |
| 0:02 | Create | Villager (Male) |
| 0:07 | Research | Double-Bit Axe |
| 0:10 | Create | Villager (Male) |
| 0:10 | Create | Villager (Male) |
| 0:31 | Build | Archery Range |
| 0:42 | Create | Villager (Male) |
| 0:43 | Build | Farm |
| 1:00 | Research | Bow Saw |
| 1:01 | Create | Villager (Male) |
| 1:23 | Build | Palisade Wall |
| 1:25 | Create | Villager (Male) |
| 1:27 | Create | Archer |
| 1:35 | Build | Mill |
| 1:38 | Build | House |
| 1:46 | Create | Villager (Male) |
| 1:50 | Build | Farm |
| 1:55 | Create | Archer |
| 2:06 | Build | Farm |
| 2:10 | Create | Villager (Male) |
| 2:20 | Research | Horse Collar |
| 2:32 | Create | Villager (Male) |
| 2:40 | Create | Archer |
| 2:44 | Research | Fletching |
| 2:49 | Create | Archer |
| 2:54 | Create | Villager (Male) |
| 2:58 | Build | House |
| 3:05 | Build | Farm |
| 3:24 | Research | Heavy Plow |
| 3:26 | Create | Villager (Male) |
| 3:42 | Create | Archer |
| 3:50 | Create | Villager (Male) |
| 3:51 | Build | House |
| 3:52 | Build | House |
| 4:07 | Create | Archer |
| 4:18 | Build | Farm |
| 4:19 | Build | Farm |
| 4:22 | Create | Villager (Male) |
| 4:30 | Build | Palisade Wall |
| 4:31 | Build | Palisade Wall |
| 4:32 | Build | Palisade Wall |
| 4:35 | Build | House |
| 4:37 | Build | Palisade Wall |
| 4:39 | Build | Palisade Wall |
| 4:42 | Build | Farm |
| 4:42 | Create | Villager (Male) |
| 4:48 | Build | Farm |
| 4:54 | Research | Town Watch |
| 4:57 | Create | Villager (Male) |
| 5:11 | Build | House |
| 5:12 | Build | Palisade Wall |
| 5:15 | Create | Villager (Male) |
| 5:29 | Build | Mining Camp |
| 6:15 | Create | Villager (Male) |
| 6:31 | Research | Castle Age |
| 6:31 | Research | Castle Age |
| 6:34 | Build | Mining Camp |
| 6:52 | Research | Wheelbarrow |
| 7:19 | Research | Gold Mining |
| 8:45 | Research | Scale Barding Armor |
| 8:45 | Research | Forging |
| 8:48 | Create | Villager (Male) |
| 9:05 | Research | Stone Mining |
| 9:22 | Age | Feudal Age |
| 9:24 | Create | Villager (Male) |
| 9:29 | Build | Castle |
| 9:41 | Build | Town Center |
| 9:44 | Research | Two-Man Saw |
| 9:49 | Create | Villager (Male) |
| 10:01 | Build | Town Center |
| 10:08 | Research | Chain Barding Armor |
| 10:29 | Build | Monastery |
| 10:39 | Create | Villager (Male) |
| 10:46 | Build | Farm |
| 10:46 | Create | Coustillier |
| 10:48 | Build | Farm |
| 10:49 | Create | Coustillier |
| 10:50 | Create | Coustillier |
| 11:03 | Create | Villager (Male) |
| 11:06 | Create | Villager (Male) |
| 11:08 | Create | Villager (Male) |
| 11:09 | Create | Villager (Male) |
| 11:12 | Build | Farm |
| 11:13 | Build | Farm |
| 11:13 | Build | Farm |
| 11:13 | Build | Farm |
| 11:13 | Build | Farm |
| 11:14 | Build | Farm |
| 11:25 | Create | Villager (Male) |
| 11:32 | Build | Farm |
| 11:33 | Build | Farm |
| 11:46 | Create | Villager (Male) |
| 11:47 | Create | Villager (Male) |
| 11:54 | Build | Farm |
| 11:55 | Build | Farm |
| 11:55 | Build | Farm |
| 12:02 | Create | Villager (Male) |
| 12:03 | Create | Villager (Male) |
Build order — Shaon8105
69 actions detected in the replay
| 0:02 | Create | Villager (Male) |
| 0:02 | Create | Villager (Male) |
| 0:03 | Create | Villager (Male) |
| 0:03 | Create | Villager (Male) |
| 0:03 | Create | Villager (Male) |
| 0:55 | Create | Villager (Male) |
| 0:56 | Create | Villager (Male) |
| 0:56 | Create | Villager (Male) |
| 1:17 | Create | Villager (Male) |
| 1:17 | Create | Villager (Male) |
| 1:17 | Create | Villager (Male) |
| 1:34 | Build | Market |
| 1:39 | Build | House |
| 1:45 | Build | House |
| 1:49 | Build | House |
| 2:01 | Build | House |
| 2:36 | Build | Palisade Wall |
| 2:45 | Build | Archery Range |
| 2:51 | Build | Stable |
| 2:56 | Build | Farm |
| 2:58 | Research | Horse Collar |
| 3:00 | Research | Double-Bit Axe |
| 3:29 | Create | Villager (Male) |
| 3:29 | Create | Villager (Male) |
| 3:29 | Create | Villager (Male) |
| 3:29 | Create | Villager (Male) |
| 3:29 | Create | Villager (Male) |
| 3:30 | Create | Villager (Male) |
| 3:30 | Create | Villager (Male) |
| 4:05 | Research | Man-at-Arms (upgrade) |
| 4:14 | Build | Farm |
| 4:17 | Build | Farm |
| 4:19 | Build | Farm |
| 4:27 | Build | Farm |
| 4:34 | Build | Farm |
| 4:41 | Build | Farm |
| 4:46 | Build | Farm |
| 5:22 | Build | Farm |
| 5:32 | Build | Barracks |
| 5:39 | Build | Barracks |
| 6:05 | Build | House |
| 6:10 | Build | House |
| 6:12 | Build | House |
| 6:17 | Build | House |
| 6:20 | Build | House |
| 6:29 | Create | Militia |
| 6:29 | Create | Militia |
| 6:29 | Create | Militia |
| 6:29 | Create | Militia |
| 6:29 | Create | Militia |
| 6:30 | Create | Militia |
| 6:39 | Build | House |
| 7:06 | Build | House |
| 7:11 | Build | House |
| 7:46 | Create | Militia ×5 |
| 7:46 | Create | Militia ×5 |
| 7:47 | Create | Militia ×5 |
| 8:11 | Build | House |
| 8:46 | Create | Villager (Male) |
| 8:46 | Create | Villager (Male) |
| 8:47 | Create | Villager (Male) |
| 8:47 | Create | Villager (Male) |
| 8:47 | Create | Villager (Male) |
| 9:44 | Build | Farm |
| 9:54 | Build | Farm |
| 10:27 | Build | House |
| 10:33 | Build | House |
| 11:15 | Build | Farm |
| 11:44 | Build | Lumber Camp |
Match timeline
| 0:31 | 闲人肥羊 · first_building Archery Range |
| 1:23 | 闲人肥羊 · wall_segment Palisade Wall x3 |
| 2:36 | Shaon8105 · wall_segment Palisade Wall x1 |
| 2:45 | Shaon8105 · first_building Archery Range |
| 2:51 | Shaon8105 · first_building Stable |
| 4:30 | 闲人肥羊 · wall_segment Palisade Wall x1 |
| 4:31 | 闲人肥羊 · wall_segment Palisade Wall x1 |
| 4:32 | 闲人肥羊 · wall_segment Palisade Wall x1 |
| 4:37 | 闲人肥羊 · wall_segment Palisade Wall x1 |
| 4:39 | 闲人肥羊 · wall_segment Palisade Wall x4 |
| 5:12 | 闲人肥羊 · wall_segment Palisade Wall x2 |
| 5:32 | Shaon8105 · first_building Barracks |
| 9:22 | 闲人肥羊 · age_up feudal |
| 9:29 | 闲人肥羊 · first_building Castle |
| 10:29 | 闲人肥羊 · first_building Monastery |
| 12:06 | Shaon8105 · resign |
[ AI ANALYSIS · 1 CREDIT ]
What really happened in this match?
Wolo.gg analyzes every decision: build order, eco, micro, common mistakes by bracket. Personalized analysis on WhatsApp or Discord in 30 seconds.
Civ guide
Burgundians
Map guide
Thames
Perfil
闲人肥羊